 Dungeon Crawl Stone Soup version 0.31-a0-145-g046c7d2549 (webtiles) character file.

Game seed: 17570054053800521166

38 Ijustatesigmund the Stinger (level 3, 0/34 HPs)
             Began as an Octopode Venom Mage on June 7, 2023.
             Slain by an orc
             ... wielding a +0 dagger
              (3 damage)
             ... on level 4 of the Dungeon.
             The game lasted 00:03:16 (1802 turns).

Ijustatesigmund the Stinger (Octopode Venom Mage)   Turns: 1802, Time: 00:03:18

Health: 0/34       AC:  1    Str:  7    XL:     3   Next: 43%
Magic:  3/6        EV: 13    Int: 19    God:
Gold:   139        SH:  0    Dex: 12    Spells: 0/6 levels left

rFire   . . .        c - +0 whip (vamp)
rCold   . . .        (no shield)
rNeg    . . .        (helmet restricted)
rPois   .            (no amulet)
rElec   .            (no ring)
rCorr   .            (no ring)
SInv    .            (no ring)
Will    .....        (no ring) Stlth
                     (no ring)
HPRegen 0.25/turn    (no ring)
MPRegen 0.10/turn    (no ring)
                     (no ring)

%: no passive effects
@: berserking, very slightly contaminated, very quick
A: almost no armour, amphibious, 8 rings, camouflage 1, gelatinous body 1,
(nimble swimmer 1), tentacles
a: no special abilities


You were on level 4 of the Dungeon.
You visited 1 branch of the dungeon, and saw 4 of its levels.

You collected 139 gold pieces.

Inventory:

Hand Weapons
 c - a +0 vampiric whip (weapon)
Armour
 b - a +0 kite shield
Jewellery
 h - a ring of positive energy
Scrolls
 d - a scroll of identify {unknown}
 f - a scroll of torment {unknown}
 i - a scroll of teleportation
 k - a scroll of noise {unknown}
Potions
 a - 2 potions of magic
 j - a potion of resistance {unknown}


   Skills:
 - Level 1.1 Fighting
 - Level 2.0 Dodging
 - Level 2.6 Stealth
 + Level 2.4 Spellcasting
 + Level 0.3 Conjurations
 - Level 1.2 Transmutations
 + Level 0.9 Air Magic
 + Level 4.0 Poison Magic


You couldn't memorise any spells.
You knew the following spells:

 Your Spells              Type           Power      Damage    Failure   Level
a - Sting                 Tmut/Pois      48%        1d5       5%          1
b - Poisonous Vapours     Pois/Air       22%        N/A       9%          2
c - Mephitic Cloud        Conj/Pois/Air  9%         N/A       24%         3

Your spell library contained the following spells:

 Spells                   Type           Power      Damage    Failure   Level
 Olgreb's Toxic Radiance  Pois           17%        N/A       30%         4


Dungeon Overview and Level Annotations

Branches:
Dungeon (4/15)
 Temple: D:4-7

Altars:

Shops:
D:2 [   D:3 (


Innate Abilities, Weirdness & Mutations

You cannot wear most types of armour.
You are amphibious.
You can wear up to eight rings at the same time.
Your skin changes colour to match your surroundings (Stealth+).
Your rubbery body absorbs attacks. (AC +1, EV +1)
((You are camouflaged when in or above water. (Stealth+)))
You have tentacles for arms and can constrict up to eight enemies at once.


Message History

There is a stone staircase leading down here.
You climb downwards.
There is a stone staircase leading up here.
Casting: Poisonous Vapours (safe; 9% risk of failure)
Confirm with . or Enter, or press ? or * to list all spells.
Aiming: Sting (safe; 5% risk of failure)
Press: ? - help, Shift-Dir - straight line, f - orc
Aim: an orc, wielding a +0 dagger (poisoned, 71% to hit)
You miscast Sting.
You are very lightly contaminated with residual magic.
Nothing appears to happen.
The orc completely misses you. The orc hits you with a +0 falchion.
Casting: Sting (safe; 5% risk of failure)
Confirm with . or Enter, or press ? or * to list all spells.
Aiming: Sting (safe; 5% risk of failure)
Press: ? - help, Shift-Dir - straight line, f - orc, p - orc
Aim: an orc, wielding a +0 falchion (71% to hit)
The sting hits the orc.
The orc is poisoned.
The orc is lightly wounded.
The orc looks more healthy.
The orc hits you with a +0 dagger. The orc barely misses you.
You hit the orc. Your grab misses the orc.
The orc is moderately wounded.
The orc hits you with a +0 dagger.
* * * LOW HITPOINT WARNING * * *
The orc completely misses you.
You closely miss the orc. Your grab misses the orc.
The orc is heavily wounded.
The orc hits you with a +0 dagger.
* * * LOW HITPOINT WARNING * * *
The orc barely misses you. The orc hits you with a +0 dagger.
* * * LOW HITPOINT WARNING * * *
The orc closely misses you.
It was a potion of berserk rage.
A red film seems to cover your vision as you go berserk!
You feel yourself moving faster!
You feel mighty!
You kill the orc!
A hobgoblin comes into view.
The orc hits you with a +0 dagger.
You die...

......
......
♣.....g
♣♣.......
♣♣♣♣........
...........
#.........
#.@.......
#...)o......
#...........
#...........
#....#....#.
###########


You could see an orc and a hobgoblin (wandering).

Vanquished Creatures
  2 worms (D:2)
  An orc (D:4)
  A ball python (D:1)
  2 bats (D:1)
  6 endoplasms
  A giant cockroach (D:1)
  3 goblins
  4 hobgoblins
  3 quokkas
  4 kobolds
  A rat (D:1)
28 creatures vanquished.

Notes
Turn   | Place    | Note
-------+----------+-------------------------------------------
     0 | D:1      | Ijustatesigmund the Octopode Venom Mage began the quest for
                  | the Orb.
     0 | D:1      | Reached XP level 1. HP: 11/11 MP: 3/3
   387 | D:1      | Reached XP level 2. HP: 18/18 MP: 3/5
   390 | D:1      | Learned a level 2 spell: Poisonous Vapours
  1125 | D:2      | Reached skill level 1 in Fighting
  1332 | D:2      | Reached skill level 4 in Poison Magic
  1358 | D:2      | Reached XP level 3. HP: 23/23 MP: 6/6
  1380 | D:2      | Learned a level 3 spell: Mephitic Cloud
  1394 | D:2      | Found Qoevog's Antique Armour Boutique.
  1778 | D:3      | Found Ziumodd's Weapon Shop.
  1802 | D:4      | Slain by an orc

Illustrated notes

Levels and vault maps discovered:
D:1:      ebering_trefoil_3fold, layout_loops_corners,
          corexii_item_surrounded_by_moat, serial_bayou_lagoon_a
D:2:      layout_rooms, serial_shops, nicolae_shop_real_fake_doors
D:3:      mumra_celtic_spiral_tile, layout_basic, nicolae_uskayaw_en_pointe,
          yredelemnul_altar_generic, serial_shops,
          nicolae_shop_temple_entry_statues_fountains, shop,
          minmay_misc_feat_hallway, serial_bayou_pond_c
D:4:      layout_cave_pools, trog_ov_bears_minmay, serial_forest,
          infiniplex_forest_split, infiniplex_forest_end_2,
          infiniplex_forest_clump_diagonal, infiniplex_forest_end_2,
          infiniplex_forest_clump_long, infiniplex_forest_straight_3,
          kennysheep_generic_room_2

Skill      XL: |  1  2 |
---------------+-------+-----
Fighting       | 1 |  1.1
Poison Magic   | 4 |  4.0
Dodging        | |  2.0
Stealth        | |  2.6
Spellcasting   | |  2.4
Conjurations   | |  0.3
Transmutations | |  1.2
Air Magic      | |  0.9

Action                     || total
---------------------------++-------
  Melee: Dagger            ||     4
         Constrict         ||     9
         Whip              ||    39
         Tentacles         ||    10
         Short sword       ||     1
   Cast: Sting             ||     8
         Poisonous Vapours ||    17
    Use: Potion            ||     2
         Scroll            ||     1
   Stab: Sleeping          ||     5
 Armour: Skin              ||     2
  Dodge: Dodged            ||    27

Table legend: (Time is in decaauts)
 A = Elapsed time spent in this place.
 B = Non-inter-level travel time spent in this place.
 C = Inter-level travel time spent in this place.
 D = Time resting spent in this place.
 E = Time spent auto-exploring this place.
 F = Levels seen in this place.
 G = Mean time per level.
                   A        B        C        D        E       F      G
               +--------+--------+--------+--------+--------+-----+--------+
         Total |   1803 |   1727 |     76 |     78 |   1367 |   4 |  450.8 |
       Dungeon |   1803 |   1727 |     76 |     78 |   1367 |   4 |  450.8 |
               +--------+--------+--------+--------+--------+-----+--------+

Top non-repeatable levels by time:
     D:1: 1075 daAuts
     D:2: 653 daAuts
     D:3: 70 daAuts
     D:4: 4 daAuts
